 Dungeon Crawl Stone Soup version bcrawl-1.29.2 (webtiles) character file.

Game seed: 16339384875541206764

361925 Krehm the Quickloader (level 10, -8/64 HPs)
             Began as a Skeleton Hunter on Mar 1, 2021.
             Was a Priest of Qazlal.
             Shot with a bolt by an orc warrior (14 damage)
             ... in a bailey.
             The game lasted 00:34:43 (7493 turns).

Krehm the Quickloader (Skeleton Hunter)             Turns: 7493, Time: 00:34:44

Health: -8/64      AC: 14    Str: 23 (24) XL:     10   Next: 52%
Magic:  0/11       EV:  9    Int:  8 (10) God:    Qazlal [***...]
Gold:   489        SH:  4    Dex:  7 (9)  Spells: 9/9 levels left

rFire    + + .     SeeInvis .   a - +1 hand crossbow
rCold    + . .     Gourm    .   (no shield)
rNeg     + + +     Faith    .   k - +0 plate armour
rPois    ∞         Spirit   +   h - +0 helmet
rElec    +         Reflect  .   (no cloak)
rCorr    .         Harm     .   (no gloves)
MR       +....                  (no boots)
Stlth    ..........             (no amulet)
HPRegen  0.20/turn              e - ring of Akhli {Fire Slay+3}
MPRegen  0.12/turn              r - ring of Reimbursement {rElec rF+ rC+ Str+2 Stlth--} (curse)

@: slowed, very slow
A: no food or potions, cold resistance 1, deterioration 1, negative energy
resistance 3, powered by death 1, torment resistance, unbreathing, magic shield,
sturdy frame 2, spell healing
a: Upheaval, Elemental Force, Renounce Religion


You were in a bailey.
You worshipped Qazlal.
Qazlal was most pleased with you.
You were not hungry.

You visited 1 branch of the dungeon, and saw 8 of its levels.
You also visited: Ossuary and Bailey.

You collected 489 gold pieces.

Inventory:

Hand Weapons
 a - a +1 hand crossbow (weapon)
 n - a +2 flail of venom
Missiles
 d - 399 bolts (quivered)
 l - 234 poisoned tomahawks
 s - a throwing net {=f}
Armour
 h - a +0 helmet (worn)
 k - a +0 plate armour (worn)
Jewellery
 c - a +3 ring of slaying
 e - the ring of Akhli (left hand) {Fire Slay+3}
   (You found it on level 1 of the Dungeon)

   [ring of fire]

   It enhances your fire magic.
   It affects your accuracy and damage with ranged weapons and melee attacks
   (+3).
   It protects you from fire.
   It makes you vulnerable to cold.
 r - the cursed ring of Reimbursement (right hand) {rElec rF+ rC+ Str+2 Stlth--}
   (You found it on level 6 of the Dungeon)

   [ring of attention]

   It affects your strength (+2).
   It protects you from fire.
   It protects you from cold.
   It insulates you from electricity.
   It makes you much less stealthy.
   It has a curse placed upon it.
Wands
 p - a wand of acid (8)
 w - a wand of paralysis (11)
 x - a wand of scattershot (2)
Scrolls
 b - a scroll of magic mapping
 f - 3 scrolls of immolation
 g - 6 scrolls of amnesia
 i - a scroll of identify
 j - 3 scrolls of remove curse
 m - a scroll of blinking {unknown}
 o - 2 scrolls of teleportation
 q - a scroll of vulnerability {unknown}
 t - a scroll of enchant weapon {unknown}
 u - a scroll of torment {unknown}
 v - a scroll of summoning {unknown}


   Skills:
 + Level 8.3 Fighting
   Level 2.2 Short Blades
 + Level 9.1 Maces & Flails
 + Level 10.4 Crossbows
 - Level 8.0 Armour
 - Level 2.0 Dodging
 - Level 3.0 Stealth
 + Level 1.8 Invocations


You had 9 spell levels left.
You didn't know any spells.
Your spell library contained the following spells:

 Spells                   Type           Power        Failure   Level  Hunger
 Apportation              Tloc           #.....       91%         1    N/A
 Infusion                 Chrm           #.......     91%         1    N/A
 Sandblast                Erth           #.....       91%         1    N/A
 Slow                     Hex            #.......     91%         1    N/A
 Summon Butterflies       Summ           #.......     91%         1    N/A
 Passwall                 Tmut/Erth      #.......     97%         2    N/A
 Sticks to Snakes         Tmut           #.......     97%         2    N/A
 Beastly Appendage        Tmut           Unusable     N/A         1    N/A
 Spider Form              Tmut/Pois      Unusable     N/A         3    N/A
 Ice Form                 Ice/Tmut       Unusable     N/A         4    N/A
 Blade Hands              Tmut           Unusable     N/A         5    N/A

Dungeon Overview and Level Annotations

Branches:
Dungeon (8/12)             Temple (0/1) D:6            Lair (0/6) D:8
    Orc: D:8-11

Altars:
Dithmenos
Fedhas
Makhleb
Nemelex Xobeh
Qazlal
Sif Muna
Trog
Uskayaw
Xom
The Shining One

Shops:
D:5 =   D:8 %

Annotations:
D:3 1 runed door
D:8 Erica, Maurice


Innate Abilities, Weirdness & Mutations

You do not eat or drink.
You are immune to poison.
Your flesh is cold resistant. (rC+)
Your body sometimes deteriorates upon taking damage.
You are immune to negative energy. (rN+++)
You regenerate a little health from kills.
You are immune to unholy pain and torment.
You can survive without breathing.
When hurt, damage is shared between your health and your magic reserves.
Your movements are less encumbered by armour. (ER -4)
Casting spells heals you.


Message History

Press: ? - help, Shift-Dir - straight line, f/p - orc warrior
Aim: an orc warrior, wielding a +0 arbalest, wearing a +0 scale mail and quivering 71 bolts (unusually strong)
You shoot a bolt.
The bolt closely misses the orc warrior.
The orc warrior no longer looks unusually strong.
Firing (i - inventory. (/) - cycle)
d - 401 bolts (quivered)
Press: ? - help, Shift-Dir - straight line, f/p - orc warrior
Aim: an orc warrior, wielding a +0 arbalest, wearing a +0 scale mail and quivering 71 bolts You shoot a bolt.
The bolt closely misses the orc warrior.
Firing (i - inventory. (/) - cycle)
d - 400 bolts (quivered)
Press: ? - help, Shift-Dir - straight line, f/p - orc warrior
Aim: an orc warrior, wielding a +0 arbalest, wearing a +0 scale mail and quivering 71 bolts You shoot a bolt.
The bolt hits the orc warrior!!
The orc warrior is severely wounded.
The orc warrior shoots a bolt.
The bolt hits you!
* * * LOW HITPOINT WARNING * * *
Your body deteriorates!
You feel clumsy.
The orc warrior shoots a bolt.
The bolt hits you!
You die...

#### ##∩## ####
....##...##....
≈≈≈..#...#..≈≈≈
≈.≈≈)......≈≈o≈
∩o≈.......≈o
≈.....). #...#
#.∩@# ##∩## ###


You could see an orc warrior.

Vanquished Creatures
  A two-headed ogre (D:7)
  An orc knight (Bailey)
  A komodo dragon (D:5)
  A hippogriff (D:6)
  The ghost of Banto the Insei, an amateur OpTm (D:3)
  A human (D:7)
  4 hogs (D:7)
  A hungry ghost (D:7)
  Duvessa (D:6)
  A porcupine (D:8)
  4 ice beasts
  2 sky beasts
  2 orc warriors (Bailey)
  4 ogres
  3 centaurs
  4 bullfrogs
  Dowan (D:6)
  8 scorpions
  3 howler monkeys
  A jelly (D:7)
  3 crimson imps
  2 hounds
  A bullfrog skeleton (D:7)
  4 human zombies (Ossuary)
  3 orc priests
  A gnoll shaman (D:5)
  Jessica (D:3)
  Terence (D:3)
  3 orc wizards
  2 worker ants
  2 big kobold zombies (Ossuary)
  A hound zombie (D:7)
  3 mummies (Ossuary)
  A howler monkey zombie (D:4)
  2 worker ant zombies (D:6)
  6 adders
  8 gnolls
  5 scorpion zombies (Ossuary)
  An ooze (D:8)
  An adder skeleton (D:7)
  2 adder zombies (D:5)
  2 worms
  5 dart slugs
  7 leopard geckos
  12 orcs
  4 giant cockroaches
  A gnoll zombie (Ossuary)
  9 goblins
  8 hobgoblins
  8 jackals
  9 kobolds
  4 quokkas
  5 ball pythons
  5 bats
  2 frilled lizards (D:2)
  2 hobgoblin zombies (Ossuary)
  A kobold zombie (Ossuary)
  An orc zombie (Ossuary)
  5 rats
188 creatures vanquished.

Notes
Turn   | Place    | Note
-------+----------+-------------------------------------------
     0 | D:1      | Krehm the Skeleton Hunter began the quest for the Orb.
     0 | D:1      | Reached XP level 1. HP: 12/12 MP: 1/1
   127 | D:1      | Got a brightly glowing silver ring
   389 | D:1      | Reached XP level 2. HP: 17/17 MP: 2/2
   446 | D:1      | Reached skill level 1 in Short Blades
   651 | D:1      | Reached skill level 1 in Armour
  1022 | D:1      | Identified the cursed ring of Akhli {Fire Slay+3} (You
                  | found it on level 1 of the Dungeon)
  1336 | D:2      | Reached XP level 3. HP: 22/22 MP: 3/3
  1803 | D:2      | Reached XP level 4. HP: 27/27 MP: 4/4
  2447 | D:3      | Found a runed door.
  2499 | D:3      | Noticed Terence
  2514 | D:3      | Killed Terence
  2551 | D:3      | Reached skill level 5 in Crossbows
  2633 | D:3      | Reached XP level 5. HP: 27/32 MP: 5/5
  2676 | D:3      | Noticed Jessica
  2688 | D:3      | Killed Jessica
  2759 | D:3      | Found a stormy altar of Qazlal.
  2764 | D:3      | Found a blossoming altar of Fedhas.
  2781 | D:3      | Became a worshipper of Qazlal Stormbringer
  2812 | D:3      | Found a runed translucent gate.
  2815 | D:3      | Found a runed translucent gate.
  2815 | D:3      | Found a runed translucent gate.
  2816 | D:3      | Noticed Banto's ghost (amateur OpTm)
  2884 | D:3      | Killed Banto's ghost
  2885 | D:3      | Gained mutation: You regenerate a little health from kills.
                  | [Skeleton growth]
  2885 | D:3      | Reached XP level 6. HP: 21/38 MP: 2/6
  3234 | D:3      | Found a hide-covered altar of Uskayaw.
  3612 | D:4      | Reached skill level 6 in Crossbows
  3612 | D:4      | Reached XP level 7. HP: 42/43 MP: 7/7
  3613 | D:4      | Found a sparkling altar of Nemelex Xobeh.
  4022 | D:5      | Entered Level 5 of the Dungeon
  4026 | D:5      | Noticed a komodo dragon
  4039 | D:5      | Killed a komodo dragon
  4039 | D:5      | Reached * piety under Qazlal
  4040 | D:5      | Reached XP level 8. HP: 27/48 MP: 4/8
  4210 | D:5      | Reached skill level 5 in Fighting
  4210 | D:5      | Reached skill level 5 in Armour
  4239 | D:5      | Reached skill level 7 in Crossbows
  4572 | D:5      | Reached skill level 5 in Maces & Flails
  4800 | D:5      | Found Xuigumag's Jewellery Shoppe.
  5275 | D:6      | Noticed Duvessa
  5276 | D:6      | Noticed Dowan
  5286 | D:6      | Killed Duvessa
  5292 | D:6      | Killed Dowan
  5293 | D:6      | Reached skill level 8 in Crossbows
  5374 | D:6      | Reached XP level 9. HP: 55/55 MP: 9/9
  5443 | D:6      | Reached ** piety under Qazlal
  5560 | D:6      | Found a staircase to the Ecumenical Temple.
  5606 | D:6      | Got a heavily runed granite ring
  5609 | D:6      | Identified the cursed ring of Reimbursement {rElec rF+ rC+
                  | Str+2 Stlth--} (You found it on level 6 of the Dungeon)
  5681 | D:6      | Found a bloodstained altar of Trog.
  5783 | D:6      | Found a glowing golden altar of the Shining One.
  6086 | D:7      | Found a sand-covered staircase.
  6089 | Ossuary  | Entered an ossuary
  6257 | Ossuary  | Reached skill level 9 in Crossbows
  6433 | D:7      | Noticed a two-headed ogre
  6440 | D:7      | Killed a two-headed ogre
  6496 | D:7      | Gained mutation: Your movements are less encumbered by
                  | armour. (ER -4) [Skeleton growth]
  6496 | D:7      | Reached XP level 10. HP: 63/63 MP: 10/10
  6683 | D:7      | Reached skill level 10 in Crossbows
  6874 | D:7      | Found a shadowy altar of Dithmenos.
  6875 | D:7      | Found a burning altar of Makhleb.
  6990 | D:8      | Found a shimmering blue altar of Sif Muna.
  7054 | D:8      | Found Hypsaunt's Food Shoppe.
  7066 | D:8      | Noticed Maurice
  7076 | D:8      | Reached *** piety under Qazlal
  7079 | D:8      | Found a staircase to the Lair.
  7080 | D:8      | Noticed a death yak
  7080 | D:8      | Noticed a death yak
  7080 | D:8      | Noticed a death yak
  7105 | D:7      | HP: 3/64 [death yak (18)]
  7398 | D:8      | Found a shimmering altar of Xom.
  7454 | D:8      | Found a flagged portal.
  7454 | D:8      | Noticed Erica
  7463 | Bailey   | Entered a bailey
  7466 | Bailey   | Noticed an orc knight
  7467 | Bailey   | Reached skill level 1 in Invocations
  7489 | Bailey   | Killed an orc knight
  7493 | Bailey   | Shot with a bolt by an orc warrior

Skill      XL: |  1  2  3  4  5  6  7  8  9 10 |
---------------+-------------------------------+-----
Short Blades   | 1 2 |  2.2
Armour         | 1 2 3 4 6 7 8 |  8.0
Stealth        | 2 3 |  3.0
Fighting       | 3 4 6 7 8 |  8.3
Crossbows      | 5 6 8 9 10 | 10.4
Maces & Flails | 2 3 4 6 8 9 |  9.1
Invocations    | 1 |  1.8
Dodging        | |  2.0

Action                   |  1- 3 |  4- 6 |  7- 9 | 10-12 || total
-------------------------+-------+-------+-------+-------++-------
Melee: Dagger            |   139 |    91 |       |       ||   230
       Short sword       |    12 |       |       |       ||    12
       Flail             |       |    14 |   267 |    84 ||   365
 Fire: Hand crossbow     |     3 |    23 |    24 |    34 ||    84
  Use: Scroll            |       |     2 |     6 |     1 ||     9
 Stab: Sleeping          |     2 |       |       |       ||     2
Armor: Leather armour    |    26 |       |       |       ||    26
       Plate armour      |       |    55 |   139 |    50 ||   244
Dodge: Dodged            |    76 |    26 |    69 |    45 ||   216
Block: Other             |       |       |    13 |    17 ||    30
